 Dungeon Crawl Stone Soup version 0.14-a0-1637-gd423c14 (webtiles) character file.

276085 PolkaDot the Imperceptible (level 19, 0/142 HPs)
             Began as a Vampire Enchanter on Dec 26, 2013.
             Was the Champion of Ashenzari.
             Slain by an orc warrior
             ... wielding a -1,+0 orcish glaive
              (5 damage)
             ... while paralysed by an orc sorcerer
             ... on Level 4 of the Orcish Mines.
             The game lasted 06:11:15 (52957 turns).

PolkaDot the Imperceptible (Vampire Enchanter)     Turns: 52957, Time: 06:11:16

HP   0/142       AC 20     Str 17      XL: 19   Next: 90%
MP  27/33        EV  2     Int 17      God: Ashenzari [******]
Gold 2107        SH  0     Dex 22      Spells:  8 memorised,  8 levels left

rFire  + + .     SeeInvis +     B - +3,+5 orc dagger (curse)
rCold  + + .     Clarity  +     e - +4 troll leather armour (curse) {Snorg}
rNeg   + + +     Conserve .     K - +0 buckler {rF+} (curse)
rPois  +         rCorr    .     d - +2 wizard hat (curse)
rElec  +         rRot     +     D - +1 cloak of Orthodoxy {rF+ Str+3}
SustAb . .       Spirit   .     k - +0 pair of gloves of Yredelemnul's Favour {+Blink +Inv}
rMut   .         Warding  .     z - +2 pair of boots "Fon Neumere" {Str+4 Dex+3}
Saprov . . .     Stasis   .     b - cursed amulet of the Air {Inacc +Fly rElec EV+5 RMsl}
                                A - cursed ring "Bisyum" {rN+ AC+5 Str+2 Acc+5 Stlth++}
                                r - cursed +4 ring of evasion

@: paralysed, repel missiles, non-regenerating, invisible, very slightly
contaminated, quite resistant to hostile enchantments, uncannily stealthy
A: bottle blood, fangs 3, see invisible, (blink 0), deformed body, unbreathing
a: Bat Form, Bottle Blood, Scrying, Transfer Knowledge, Renounce Religion, Evoke
Blink, Evoke Flight
}: 1/15 runes: decaying


You were on level 4 of the Orcish Mines.
You worshipped Ashenzari.
Ashenzari was exalted by your worship.
You were bloodless.

You visited 7 branches of the dungeon, and saw 42 of its levels.
You also visited: Ossuary, Bailey and Volcano.

You collected 4347 gold pieces.
You spent 2240 gold pieces at shops.

Inventory:

Hand weapons
 c - a +6,+5 elven vampiric long sword
 B - a cursed +3,+5 orcish dagger (weapon)
Armour
 a - the cursed -2 steam dragon armour of Shranowk {Dam-6}
   (You bought it in a shop on level 1 of the Orcish Mines)

   It affects your damage-dealing abilities (-6).
   It has a curse placed upon it.
 d - a cursed +2 wizard hat (worn)
 e - a cursed +4 troll leather armour (worn) {Snorg}
 g - the cursed -4 steam dragon armour of Serendipity {+Blink +Inv}
   (You bought it in a shop on level 1 of the Orcish Mines)

   It lets you turn invisible.
   It lets you blink.
   It has a curse placed upon it.
 k - the +0 pair of gloves of Yredelemnul's Favour (worn) {+Blink +Inv}
   (You found it on level 1 of the Vaults)

   It lets you turn invisible.
   It lets you blink.
 z - the cursed +2 pair of boots "Fon Neumere" (worn) {Str+4 Dex+3}
   (You found it on level 3 of the Swamp)

   It affects your strength (+4).
   It affects your dexterity (+3).
   It has a curse placed upon it.
 D - the cursed +1 cloak of Orthodoxy (worn) {rF+ Str+3}
   (You acquired it on level 15 of the Dungeon)

   It affects your strength (+3).
   It protects you from fire.
   It has a curse placed upon it.
 K - a cursed +0 buckler of fire resistance (worn)
Magical devices
 j - a wand of heal wounds (0)
 w - a wand of disintegration (9)
 E - a wand of paralysis (15)
 F - a wand of digging (14)
Scrolls
 n - 2 scrolls of teleportation
 x - 5 scrolls of fear
 y - a scroll of fog
Jewellery
 b - the cursed amulet of the Air (around neck) {Inacc +Fly rElec EV+5 RMsl}
   (You found it in an ossuary)

   [amulet of inaccuracy]

   It affects your evasion (+5).
   It insulates you from electricity.
   It lets you fly.
   It protects you from missiles.
   It has a curse placed upon it.
 q - an uncursed ring of wizardry
 r - a cursed +4 ring of evasion (left hand)
 A - the cursed ring "Bisyum" (right hand) {rN+ AC+5 Str+2 Acc+5 Stlth++}
   (You found it on level 15 of the Dungeon)

   [ring of protection]

   It affects your AC (+5).
   It affects your strength (+2).
   It affects your accuracy (+5).
   It protects you from negative energy.
   It makes you much more stealthy.
   It has a curse placed upon it.
Potions
 f - a potion of agility
 i - 5 potions of restore abilities
 o - a potion of heal wounds
 p - 2 potions of flight
 C - 2 potions of brilliance


   Skills:
 - Level 10.8 Fighting
 - Level 16.2(20.1) Short Blades
 * Level 11.9 Long Blades
 - Level 0.7 Throwing
 - Level 6.1 Armour
 - Level 10.1(12.9) Dodging
 - Level 25.6(27) Stealth
 - Level 5.0(8.0) Shields
 - Level 8.0 Spellcasting
 - Level 23.6(26.9) Hexes
 - Level 5.0(9.4) Charms
 + Level 0.2(1.3) Ice Magic
 + Level 2.2(5.7) Evocations


You had 8 spell levels left.
You knew the following spells:

 Your Spells              Type           Power        Failure   Level  Hunger
a - Corona                Hex            #######      0%          1    None
b - Sure Blade            Hex/Chrm       ######....   0%          2    None
c - Confuse               Hex            #######.     0%          3    ##.....
d - Ensorcelled Hibernat  Hex/Ice        ######       1%          2    None
e - Enslavement           Hex            #######.     0%          4    ###....
i - Invisibility          Hex            #######.     1%          6    ######.
s - Slow                  Hex            #######.     0%          2    None
S - Metabolic Englaciati  Hex/Ice        ######....   6%          6    ######.


Dungeon Overview and Level Annotations

Branches:
Dungeon (16/16)            Temple (1/1) D:4             Orc (4/4) D:9
    Elf (0/3) Orc:3          Lair (8/8) D:8           Swamp (5/5) Lair:5
 Spider (0/5) Lair:3        Slime (0/6) Lair:6       Vaults (4/5) D:15
  Blade (0/1) Vaults:4     Forest (0/5) Vaults:3     Depths (4/6) D:16

Altars:
Ashenzari
Cheibriados
Elyvilon
Fedhas
Kikubaaqudgha
Makhleb
Nemelex Xobeh
Okawaru
Sif Muna
Trog
Vehumet
Xom
Yredelemnul
Zin
the Shining One
Beogh
Jiyva

Shops:
D:4 }   D:5 }   D:15 (   Orc:1 [   Orc:4 [==*   Vaults:1 %

Portals:
Hell: Depths:2 Depths:3
Abyss: Depths:2 Depths:4

Annotations:
D:14 exclusion: Roxanne, Roxanne
Vaults:2 Norris, Sojobo
Vaults:4 Boris, Mara
Depths:1 1 exclusion
Depths:4 Mennas


Innate Abilities, Weirdness & Mutations

You do not heal naturally.
You can bottle blood from corpses.
You have razor-sharp teeth.*
You have supernaturally acute eyesight.
You can survive without breathing.*
((You can translocate small distances at will.))+ Armour fits poorly on your strangely shaped body.*


Message History

* * * LOW HITPOINT WARNING * * *
The orc warrior hits you but does no damage.
The orc wizard mumbles some strange words.
The orc wizard blinks!
The orc high priest hits you with an orcish scimitar.
* * * LOW HITPOINT WARNING * * *
The orc sorcerer hits you but does no damage.
The chaos spawn hits you but does no damage.
The orc priest looks braver.
The orc knight hits you with an orcish long sword.
* * * LOW HITPOINT WARNING * * *
The orc sorcerer mumbles some strange words.
The orc sorcerer casts a spell.
The chaos spawn gores you but does no damage.
The orc sorcerer hits you but does no damage.
The orc warrior hits you with an orcish dire flail!
* * * LOW HITPOINT WARNING * * *
The orc high priest prays to Beogh.
The orc warrior hits you from afar with an orcish glaive.
You die...

.....####...####.####...##
.....###..######.######..##
.....##..###...#o#...###..#
.....##.##..o..#o#.....##.#
.....##.#..o...#.#......#.#
.....##....##....3.z## ,..#
.....###..##.o3ooo...##..##
.....###..#..4ooooo...#..#
.....###......oo@o....o..#
.....###..##434o3oo..##..#
.#...####o..##.o3.4##...#*
.#...#####∩...##.##..,∩##
.....#######∩.......∩# *
##...#################
..%..#################
.........##...########
........##...#########


You could see 4 orc knights, an ice devil (wandering), an orc high priest, an
iron devil, a sixfirhy, a blue devil, 2 neqoxecs, a ynoxinul, a chaos spawn, 4
orc sorcerers, 6 orc warriors, a rotting devil (wandering), 3 orc priests, 4 orc
wizards and an orc zombie (wandering).

Vanquished Creatures
  Saint Roka (Depths:2)
  A lich (Depths:1)
  A sphinx (Vaults:1)
  Donald (Orc:4)
  4 frost giants
  6 fire giants
  3 vault wardens
  Louise (Swamp:5)
  The ghost of lorenz the Bludgeoner, a powerful TrNe of Kikubaaqudgha (Lair:7)
  A reaper (Depths:3)
  10 stone giants
  10 ettins
  Snorg (Lair:8)
  A vault guard (D:15)
  A minotaur (Depths:2)
  5 fire dragons
  39 hydras
  3 great orbs of eyes
  3 ironheart preservers
  3 jiangshi (Depths:1)
  14 yaktaur captains
  4 ice dragons
  A ravenous item mimic (Lair:8)
  Josephine (D:12)
  4 dancing weapons (Vaults:4)
  2 deep troll earth magi
  6 alligators
  4 red-nosed reindeers (Lair:8)
  A vampire mage (Depths:1)
  A deep troll shaman (Depths:2)
  4 tengu warriors
  10 ogre magi
  20 centaur warriors
  3 rakshasas
  A naga warrior (Depths:1)
  Urug (D:11)
  3 orc high priests
  Nergalle (Lair:2)
  6 very ugly things
  8 iron golems (D:14)
  A fire crab (Vaults:1)
  A catoblepas (Lair:8)
  4 unseen horrors
  Erolcha (D:10)
  2 deep elf knights (Vaults:2)
  7 hell knights (Depths:2)
  A death drake (shapeshifter) (Depths:2)
  A flayed ghost (Vaults:3)
  11 swamp dragons
  3 deep trolls
  2 swamp dragons (shapeshifter)
  4 ironbrand convokers
  2 harpies
  20 hill giants
  3 necromancers
  A giant amoeba (Vaults:1)
  5 wolf spiders
  An oklob plant (Lair:8)
  A frost giant zombie (Depths:2)
  2 deep elf conjurers (D:16)
  A harpy (shapeshifter) (Depths:1)
  8 orc knights
  5 griffons
  A shining eye (shapeshifter) (Depths:2)
  A draconian (shapeshifter) (Depths:1)
  12 elephants
  5 orc sorcerers
  6 red wasps
  A deep elf summoner (Vaults:1)
  A spiny worm (Vaults:1)
  A guardian serpent (Lair:8)
  A stone giant skeleton (Depths:2)
  Maurice (D:10)
  4 cyclopes
  3 octopodes
  34 spiny frogs
  5 vault sentinels
  2 smoke demons (Depths:3)
  9 black mambas
  41 yaktaurs
  An orange demon (Depths:3)
  A spiny frog (shapeshifter) (Depths:2)
  2 feature mimics
  A mermaid (shapeshifter) (Vaults:2)
  A hydra zombie (D:16)
  11 komodo dragons
  An efreet (D:14)
  A naga mage (D:16)
  An iron troll zombie (Depths:2)
  3 deep elf priests
  A hellwing (Depths:3)
  4 jumping spiders (Lair:3)
  4 fire drakes (Lair:8)
  9 trolls
  A baby alligator (shapeshifter) (D:15)
  16 two-headed ogres
  5 polar bears (Lair:8)
  2 trolls (shapeshifter) (D:15)
  A boulder beetle (Lair:8)
  A giant leech (shapeshifter) (Vaults:1)
  A raven (Swamp:1)
  14 bog bodies
  7 giant leeches
  A blink frog (shapeshifter) (Depths:1)
  A fire dragon zombie (Depths:1)
  A fire giant simulacrum (D:16)
  A frost giant simulacrum (Vaults:1)
  A basilisk (shapeshifter) (Vaults:2)
  69 ugly things
  10 grizzly bears
  3 basilisks (Lair:8)
  63 slime creatures
  A trapdoor spider (D:13)
  3 shadows
  2 redbacks (Vaults:1)
  19 blink frogs
  8 water elementals
  A formicid (shapeshifter) (Depths:2)
  62 reindeers
  4 vampires
  3 fire bats (Lair:7)
  3 toenail golems (Volcano)
  4 wraiths
  17 hippogriffs
  4 wyverns
  A deep elf mage (Vaults:2)
  3 elephant slugs
  4 hungry ghosts
  A hill giant zombie (D:12)
  A hippogriff (shapeshifter) (Vaults:3)
  A human (shapeshifter) (Depths:2)
  25 vampire mosquitoes
  9 sharks
  A clay golem (Vaults:1)
  9 deep elf fighters
  6 humans (Volcano)
  23 wolves
  A human zombie (Depths:2)
  A hill giant skeleton (D:8)
  10 manticores
  5 hell hounds (Lair:8)
  A necrophage (D:13)
  A freezing wraith (Vaults:1)
  42 swamp worms
  27 orc warriors
  12 swamp drakes
  7 black bears
  10 giant goldfish
  A kobold demonologist (Vaults:2)
  An ettin simulacrum (Depths:2)
  2 ice beasts
  11 porcupines
  5 sky beasts
  An ogre (shapeshifter) (Depths:3)
  7 tengu
  A fire crab zombie (D:16)
  3 yellow wasps (Lair:8)
  A phantom (D:9)
  The ghost of KINGBONG the Insei, an average DrTm (D:5)
  17 centaurs
  A blink frog zombie (Lair:7)
  15 crocodiles
  43 ogres
  Satan Claus (D:5)
  A boring beetle (Lair:5)
  14 giant frogs
  8 giant slugs
  2 lava worms (D:14)
  3 yaktaur zombies
  6 wargs
  Blork the orc (D:4)
  22 water moccasins
  A giant slug zombie (D:14)
  A komodo dragon skeleton (D:12)
  8 insubstantial wisps (Swamp:1)
  14 agate snails
  A manticore skeleton (D:10)
  10 killer bees
  A cyclops skeleton (D:15)
  8 wights
  A reindeer zombie (D:13)
  2 lava fish (D:14)
  12 jellyfish
  A lava snake (D:14)
  A troll skeleton (D:12)
  19 electric eels
  10 crimson imps
  5 goliath beetles
  4 water moccasin zombies (Ossuary)
  7 jellies
  2 quasits (Depths:3)
  11 big fish
  4 giant frog skeletons
  15 orc priests
  5 spiders (Lair:8)
  A basilisk zombie (D:12)
  28 hounds
  7 iguanas
  20 orc wizards
  4 scorpions
  A killer bee zombie (D:12)
  5 orange rats (Lair:5)
  19 worker ants
  4 big kobold zombies (Ossuary)
  A mottled dragon zombie (D:14)
  15 sheep
  Ijyb (D:3)
  A brain worm zombie (D:12)
  A hound zombie (D:7)
  8 boggarts
  An ogre skeleton (D:8)
  A mottled dragon skeleton (D:16)
  3 mummies
  A worker ant zombie (D:11)
  A hound skeleton (D:7)
  10 gnolls
  35 adders
  6 giant centipedes
  70 green rats
  2 lemures (Depths:3)
  A shadow imp (Depths:3)
  2 white imps
  2 giant mites
  4 worms
  3 ufetubi (Depths:3)
  7 adder zombies (Ossuary)
  A giant centipede zombie (D:8)
  An iguana skeleton (D:6)
  3 giant eyeballs
  7 giant geckos
  An ooze (D:2)
  159 orcs
  22 bats
  8 giant cockroaches
  23 hobgoblins
  8 quokkas
  3 ball pythons
  3 giant newts
  A giant spore (D:11)
  2 gnoll zombies (Ossuary)
  29 goblins
  A goblin zombie (D:5)
  4 hobgoblin zombies
  30 jackals
  2 jackal skeletons (D:4)
  28 kobolds
  3 kobold skeletons
  4 kobold zombies (Ossuary)
  5 orc zombies
  28 rats
  A rat skeleton (D:4)
  4 fungi
  A plant (Lair:8)
1935 creatures vanquished.

Vanquished Creatures (collateral kills)
  A tengu reaver (Depths:2)
  An elemental wellspring (Depths:3)
  2 great orbs of eyes
  An ogre mage (Depths:2)
  A deep troll (Depths:2)
  A hill giant (Vaults:1)
  A cyclops (Vaults:1)
  A vault sentinel (Vaults:1)
  A yaktaur (Vaults:1)
  A giant firefly (shapeshifter) (Depths:2)
  2 water elementals (Depths:3)
  A shark (Depths:3)
  An orc warrior (Depths:2)
  4 ogres
  An orc priest (Depths:2)
  An orc (Depths:2)
21 creatures vanquished.

Vanquished Creatures (others)
  An elemental wellspring (Depths:3)
  An ogre mage (Vaults:3)
  A frost giant skeleton (Depths:2)
  2 yaktaurs (Depths:3)
  2 deep elf magi (Vaults:3)
  2 slime creatures (Vaults:1)
  An orc (D:11)
  A kobold (Bailey)
  4 fungi
  13 plants
28 creatures vanquished.

Grand Total: 1984 creatures vanquished

Notes
Turn   | Place    | Note
--------------------------------------------------------------
     0 | D:1      | PolkaDot, the Vampire Enchanter, began the quest for the Orb.
     0 | D:1      | Reached XP level 1. HP: 13/13 MP: 3/3
   162 | D:1      | Reached XP level 2. HP: 4/19 MP: 2/4
   718 | D:1      | Reached skill level 5 in Hexes
   718 | D:1      | Reached XP level 3. HP: 22/24 MP: 6/6
   914 | D:2      | Learned a level 3 spell: Confuse
  1309 | D:2      | Reached skill level 6 in Hexes
  1574 | D:3      | Reached XP level 4. HP: 26/30 MP: 7/7
  1790 | D:3      | Reached skill level 7 in Hexes
  1812 | D:3      | Noticed Ijyb
  1841 | D:3      | Killed Ijyb
  1841 | D:3      | Reached XP level 5. HP: 32/35 MP: 2/9
  2319 | D:4      | Reached skill level 8 in Hexes
  2340 | D:4      | Noticed Blork the orc
  2343 | D:4      | Noticed an ogre
  2371 | D:4      | Found Cybri's Gadget Boutique.
  2756 | D:4      | Killed Blork the orc
  2756 | D:4      | Reached skill level 9 in Hexes
  2756 | D:4      | Reached XP level 6. HP: 28/41 MP: 2/10
  2923 | D:4      | Found a staircase to the Ecumenical Temple.
  3076 | Temple   | Entered the Ecumenical Temple
  3215 | Temple   | Became a worshipper of Ashenzari the Shackled
  3502 | D:4      | Killed an ogre
  3502 | D:4      | Reached skill level 10 in Hexes
  4058 | D:5      | Entered Level 5 of the Dungeon
  4097 | D:4      | Reached XP level 7. HP: 39/46 MP: 8/12
  4173 | D:4      | Reached skill level 11 in Hexes
  4323 | D:5      | Learned a level 6 spell: Invisibility
  4367 | D:5      | Found Kiudata's Gadget Emporium.
  4413 | D:5      | Noticed Satan Claus
  4438 | D:5      | Noticed KINGBONG's ghost (average DrTm)
  4443 | D:5      | Killed Satan Claus
  5085 | D:5      | Reached skill level 5 in Stealth
  5235 | D:5      | Killed KINGBONG's ghost
  5235 | D:5      | Reached skill level 12 in Hexes
  5721 | D:6      | Reached XP level 8. HP: 48/52 MP: 8/13
  5877 | D:6      | Reached skill level 13 in Hexes
  6250 | D:7      | Found a sand-covered staircase.
  6312 | Ossuary  | Entered an ossuary
  6675 | D:7      | Found a flagged portal.
  6767 | Bailey   | Entered a bailey
  6998 | Bailey   | Reached skill level 14 in Hexes
  7143 | Bailey   | Reached XP level 9. HP: 55/57 MP: 12/16
  7147 | Bailey   | Learned a level 2 spell: Ensorcelled Hibernation
  8313 | D:8      | Reached skill level 15 in Hexes
  8321 | D:8      | Found a staircase to the Lair.
  8321 | D:8      | Noticed an elephant
  8338 | D:8      | Reached skill level 10 in Stealth
  8595 | D:8      | Found a deep blue altar of Sif Muna.
  8744 | D:8      | Killed an elephant
  8744 | D:8      | Reached skill level 5 in Short Blades
  8744 | D:8      | Reached skill level 16 in Hexes
  8744 | D:8      | Reached XP level 10. HP: 63/63 MP: 2/17
  8894 | D:8      | Learned a level 2 spell: Sure Blade
  9493 | D:9      | Identified the cursed -5 ring mail "Vegatt" {rN+} (You took it off an orc on level 4 of the Dungeon)
  9707 | D:9      | Acquired Ashenzari's first power
  9733 | D:9      | Found a staircase to the Orcish Mines.
 10012 | D:9      | Found a roughly hewn altar of Beogh.
 10213 | D:10     | Entered Level 10 of the Dungeon
 10236 | D:10     | Noticed a hill giant
 10243 | D:10     | Killed a hill giant
 10506 | D:10     | Noticed Erolcha
 10527 | D:10     | Killed Erolcha
 10645 | D:10     | Reached skill level 5 in Spellcasting
 10699 | D:10     | Reached XP level 11. HP: 51/68 MP: 19/24
 10755 | D:10     | Noticed Maurice
 10830 | D:10     | Killed Maurice
 11295 | D:11     | Noticed a hill giant
 11301 | D:11     | Killed a hill giant
 11484 | Lair:1   | Entered Level 1 of the Lair of Beasts
 12465 | Lair:1   | Acquired Ashenzari's second power
 12979 | Lair:2   | Noticed Nergalle
 12987 | Lair:2   | Learned a level 4 spell: Enslavement
 13175 | Lair:2   | Killed Nergalle
 13213 | Lair:2   | Noticed a six-headed hydra
 13222 | Lair:2   | Killed a six-headed hydra
 13222 | Lair:2   | Reached skill level 15 in Stealth
 13222 | Lair:2   | Reached XP level 12. HP: 74/74 MP: 21/28
 13930 | Lair:3   | Reached skill level 17 in Hexes
 14186 | Lair:3   | Found a hole to the Spider Nest.
 15474 | Lair:4   | Noticed a seven-headed hydra
 15481 | Lair:4   | Killed a seven-headed hydra
 15515 | Lair:4   | Reached skill level 10 in Short Blades
 15795 | Lair:4   | Identified the Tome of Harmful Evil
 16121 | Lair:5   | Acquired Ashenzari's third power
 16125 | Lair:5   | Noticed a six-headed hydra
 16135 | Lair:5   | Killed a six-headed hydra
 16135 | Lair:5   | Reached skill level 18 in Hexes
 16292 | Lair:5   | Reached XP level 13. HP: 79/79 MP: 29/29
 16375 | Lair:5   | Found a staircase to the Swamp.
 17231 | Lair:6   | Found a staircase to the Slime Pits.
 17246 | Lair:6   | Found a viscous altar of Jiyva.
 18415 | Lair:7   | Acquired Ashenzari's fourth power
 18474 | Lair:7   | Noticed lorenz's ghost (powerful TrNe)
 18540 | Lair:7   | Killed lorenz's ghost
 18540 | Lair:7   | Reached skill level 19 in Stealth
 18544 | Lair:7   | Found a dark tunnel.
 18599 | Volcano  | Entered a volcano
 18731 | Volcano  | Identified a +1 rod of destruction (9/9)
 19404 | Lair:7   | Reached skill level 20 in Stealth
 19890 | Lair:8   | Entered Level 8 of the Lair of Beasts
 20220 | Lair:8   | Reached XP level 14. HP: 85/85 MP: 27/30
 20268 | Lair:8   | Found a shimmering altar of Xom.
 20269 | Lair:8   | Noticed Snorg
 20308 | Lair:8   | Killed Snorg
 20587 | Lair:8   | Reached skill level 21 in Stealth
 20728 | Lair:8   | Identified the cursed +0 robe of Eteeku {rF+}
 21225 | Lair:8   | Reached skill level 22 in Stealth
 22008 | Lair:8   | Reached XP level 15. HP: 49/90 MP: 26/30
 23059 | D:11     | Noticed a seven-headed hydra
 23070 | D:11     | Killed a seven-headed hydra
 23110 | D:11     | Noticed Urug
 23118 | D:11     | Killed Urug
 23118 | D:11     | Reached skill level 1 in Armour
 23644 | D:11     | Reached skill level 23 in Stealth
 23978 | D:12     | Noticed Josephine
 23996 | D:12     | Killed Josephine
 26501 | D:14     | Noticed Roxanne
 26800 | D:15     | Entered Level 15 of the Dungeon
 26818 | D:15     | Reached skill level 5 in Armour
 26994 | D:15     | Identified the ring "Bisyum" {rN+ AC+5 Str+2 Acc+5 Stlth++}
 27015 | D:15     | Identified a scroll of acquirement
 27016 | D:15     | Got the cursed cloak of Orthodoxy {rF+ Str+3}
 27020 | D:15     | Identified the cursed +1 cloak of Orthodoxy {rF+ Str+3} (You acquired it on level 15 of the Dungeon)
 27074 | D:15     | Found Xuarripn's Weapon Boutique.
 27239 | D:15     | Found a gate to the Vaults.
 27323 | D:16     | Entered Level 16 of the Dungeon
 28543 | D:16     | Reached skill level 1 in Shields
 28560 | D:16     | Found a staircase to the Depths.
 29072 | Swamp:1  | Entered Level 1 of the Swamp
 29451 | Swamp:1  | Reached XP level 16. HP: 96/96 MP: 23/31
 29672 | Swamp:1  | Reached skill level 24 in Stealth
 31052 | Swamp:3  | Got the uncursed pair of boots "Fon Neumere" {Str+4 Dex+3}
 31056 | Swamp:3  | Identified the +2 pair of boots "Fon Neumere" {Str+4 Dex+3} (You found it on level 3 of the Swamp)
 31166 | Swamp:3  | Reached skill level 5 in Shields
 32063 | Swamp:4  | Reached skill level 5 in Dodging
 32793 | Swamp:5  | Entered Level 5 of the Swamp
 33285 | Swamp:5  | Got a decaying rune of Zot
 33614 | Swamp:5  | Noticed Louise
 33648 | Swamp:5  | Killed Louise
 33884 | Swamp:2  | Reached XP level 17. HP: 101/101 MP: 28/32
 34426 | Vaults:1 | Entered Level 1 of the Vaults
 34428 | Vaults:1 | Reached skill level 1 in Fighting
 34601 | Vaults:1 | Found Bafugeg's Food Boutique.
 34684 | Vaults:1 | Reached skill level 25 in Stealth
 35945 | Vaults:1 | Reached skill level 5 in Fighting
 35955 | Vaults:1 | Identified the +0 pair of gloves of Yredelemnul's Favour {+Blink +Inv}
 35964 | Vaults:1 | Identified the cursed -5 ring mail "Vegatt" {rN+} (You took it off an orc on level 4 of the Dungeon)
 36522 | Vaults:2 | Noticed Norris
 36614 | Vaults:2 | Noticed Sojobo
 37170 | Vaults:2 | Paralysed by Norris for 5 turns
 38418 | Vaults:2 | Identified the +8,+7 falchion "Shrotoce" {flame, Noisy rPois MR+ Str+2}
 39214 | Vaults:3 | Reached skill level 1 in Charms
 39691 | Vaults:3 | Reached XP level 18. HP: 129/129 MP: 17/32
 39953 | Vaults:3 | Found a staircase to the Enchanted Forest.
 40582 | Vaults:3 | Paralysed by a great orb of eyes for 7 turns
 40608 | Vaults:3 | Paralysed by a great orb of eyes for 5 turns
 41392 | Vaults:4 | Found a staircase to the Hall of Blades.
 41589 | Vaults:4 | Noticed Boris
 42001 | Vaults:4 | Reached skill level 5 in Charms
 42089 | Vaults:4 | Noticed Mara
 42870 | Depths:1 | Entered Level 1 of the Depths
 42938 | Depths:1 | Reached skill level 1 in Long Blades
 43268 | Depths:1 | Reached skill level 10 in Fighting
 43597 | Depths:1 | Reached skill level 5 in Long Blades
 44377 | Depths:2 | Noticed Saint Roka
 44790 | Depths:2 | Killed Saint Roka
 44790 | Depths:2 | Reached XP level 19. HP: 82/142 MP: 0/33
 45082 | Depths:2 | Found a gateway to Hell.
 45409 | Depths:2 | Found a one-way gate to the infinite horrors of the Abyss.
 45892 | Depths:2 | Reached skill level 15 in Short Blades
 46966 | Depths:3 | Gained mutation: You can translocate small distances at will. [potion of beneficial mutation]
 47015 | Depths:3 | Learned a level 2 spell: Slow
 47022 | Depths:3 | Learned a level 6 spell: Metabolic Englaciation
 47387 | Depths:3 | Reached skill level 10 in Long Blades
 47802 | Depths:2 | Gained mutation: Armour fits poorly on your strangely shaped body. [mutagenic glow]
 48221 | Depths:4 | Noticed Mennas
 49282 | D:14     | Reached skill level 10 in Dodging
 49303 | D:14     | Reached skill level 1 in Evocations
 50745 | Orc:1    | Entered Level 1 of the Orcish Mines
 50748 | Orc:1    | Found Luoneat's Antique Armour Shoppe.
 50863 | Orc:1    | Bought a bloodstained steam dragon armour for 1120 gold pieces
 50863 | Orc:1    | Identified the cursed -2 steam dragon armour of Shranowk {Dam-6} (You bought it in a shop on level 1 of the Orcish Mines)
 50863 | Orc:1    | Bought a brightly glowing steam dragon armour for 1120 gold pieces
 50863 | Orc:1    | Identified the cursed -4 steam dragon armour of Serendipity {+Blink +Inv} (You bought it in a shop on level 1 of the Orcish Mines)
 51136 | Orc:3    | Found a staircase to the Elven Halls.
 51894 | Orc:4    | Entered Level 4 of the Orcish Mines
 51894 | Orc:4    | Noticed Donald
 51896 | Orc:4    | Killed Donald
 52231 | Orc:4    | Found a burning altar of Makhleb.
 52851 | Orc:4    | Found Osiehaf's Armour Boutique.
 52856 | Orc:4    | Found Raocenae's Jewellery Shoppe.
 52868 | Orc:4    | Found Staywnux's Jewellery Shoppe.
 52942 | Orc:4    | Found Sonanwas' Assorted Antiques.
 52945 | Orc:4    | Paralysed by an orc sorcerer for 7 turns
 52954 | Orc:4    | Paralysed by an orc sorcerer for 6 turns
 52957 | Orc:4    | HP: 5/142 [orc warrior/orcish dire flail (18)]
 52957 | Orc:4    | Slain by an orc warrior

Action                   |  1- 3 |  4- 6 |  7- 9 | 10-12 | 13-15 | 16-18 | 19-21 || total
-------------------------+-------+-------+-------+-------+-------+-------+-------++-------
Melee: Dagger            |   171 |   128 |    93 |   559 |  1667 |   892 |   580 ||  4090
       Short sword       |       |   125 |   502 |       |       |       |       ||   627
Throw: Dart              |       |       |       |     2 |       |       |       ||     2
 Cast: Corona            |     3 |       |       |     1 |     5 |     8 |     1 ||    18
       Confuse           |     3 |    27 |    43 |     5 |    34 |    79 |    38 ||   229
       Invisibility      |       |       |    11 |    13 |    31 |    40 |    20 ||   115
       Ensorcelled Hiber |       |       |    16 |   191 |   277 |   221 |    94 ||   799
       Sure Blade        |       |       |       |    30 |     7 |    53 |    42 ||   132
       Enslavement       |       |       |       |       |     1 |    38 |    15 ||    54
Invok: Scrying           |       |       |       |       |       |     1 |     3 ||     4
 Abil: End Transformatio |       |       |     7 |     1 |     4 |    14 |     3 ||    29
       Bat Form          |       |       |     7 |     1 |     4 |    14 |     3 ||    29
       Bottle Blood      |       |       |       |       |     1 |     2 |       ||     3
       Evoke Flight      |       |       |       |       |       |       |     3 ||     3
       Evoke Blink       |       |       |       |       |       |       |     1 ||     1
Evoke: Wand              |       |       |     2 |     2 |     2 |     5 |     4 ||    15
  Use: Potion            |     1 |     4 |     2 |       |    16 |    11 |     5 ||    39
       Scroll            |     4 |    10 |    13 |    14 |    31 |    11 |     3 ||    86
 Stab: Sleeping          |     5 |     6 |    48 |   194 |   403 |   393 |   149 ||  1198
       Confused          |     1 |    15 |    21 |     4 |    19 |    45 |    24 ||   129
       Invisible         |       |       |    50 |    33 |   103 |    52 |    37 ||   275
       Distracted        |       |       |       |     3 |     5 |     9 |    17 ||    34
       Paralysed         |       |       |       |       |       |     2 |       ||     2
